 Dungeon Crawl Stone Soup version 0.29.0-15-g675c0067aa (webtiles) character file.

Game seed: 8868735631028804028

3171 qw the Cleaver (level 9, 0/81 HPs)
             Began as a Minotaur Berserker on Sept 12, 2022.
             Was a Priest of Trog.
             Slain by a killer bee (5 damage)
             ... on level 7 of the Dungeon.
             The game lasted 00:02:43 (7979 turns).

qw the Cleaver (Minotaur Berserker)                 Turns: 7979, Time: 00:02:44

Health: 0/81       AC:  9    Str: 27    XL:     9   Next: 63%
Magic:  8/8        EV:  9    Int:  6    God:    Trog [***...]
Gold:   340        SH:  0    Dex:  9    Spells: 8/8 levels left

rFire   . . .      SeeInvis .   b - +1 war axe "Neyfem" {freeze, Int+2}
rCold   + . .      Faith    .   (no shield)
rNeg    + . .      Spirit   .   d - +0 chain mail
rPois   .          Reflect  .   (helmet restricted)
rElec   .          Harm     .   (no cloak)
rCorr   .          Rampage  .   (no gloves)
Will    .....                   (no boots)
Stlth   ..........              (no amulet)
HPRegen 0.23/turn               f - ring of positive energy
MPRegen 0.11/turn               m - ring of protection from cold

@: lethally poisoned (0 -> -12), on berserk cooldown, slowed, very slow
A: horns 2, retaliatory headbutt
a: Renounce Religion, Berserk, Trog's Hand


You were on level 7 of the Dungeon.
You worshipped Trog.
Trog was most pleased with you.
You visited 1 branch of the dungeon, and saw 7 of its levels.

You collected 340 gold pieces.


Innate Abilities, Weirdness & Mutations

You have a pair of horns on your head.
You reflexively headbutt those who attack you in melee.


   Skills:
 - Level 8.1 Fighting
 - Level 14.1 Axes
 - Level 2.0 Throwing
 + Level 4.0 Armour
 - Level 2.1 Dodging


You had 8 spell levels left.
You didn't know any spells.
Your spell library was empty.

Inventory:

Hand Weapons
 b - the +1 war axe "Neyfem" (weapon) {freeze, Int+2}
   (You found it on level 2 of the Dungeon)

   It freezes those it strikes, dealing additional cold damage.
   It can also slow down cold-blooded creatures.
   Int:       It affects your intelligence (+2).
 s - a +0 morningstar
Missiles
 c - a boomerang (quivered)
Armour
 d - a +0 chain mail (worn)
Jewellery
 f - a ring of positive energy (left hand)
 m - a ring of protection from cold (right hand)
 o - a ring of fire
Scrolls
 j - a scroll of identify
 n - a scroll of enchant armour
Potions
 a - a potion of mutation
 e - a potion of might
 k - a potion of degeneration {unknown}
 l - a potion of curing
 q - a potion of brilliance {unknown}
 t - a potion of cancellation {unknown}

Dungeon Overview and Level Annotations

Branches:
Dungeon (7/15)             Temple (0/1) D:4

Altars:
Dithmenos
Vehumet
Xom

Annotations:
D:5 3 runed translucent doors, qw's ghost, weakling GrDe


Message History

You feel extremely sick. The killer bee barely misses you.
The killer bee stings you but does no damage.
The killer bee completely misses you. The killer bee stings you.
The killer bee stings you but does no damage.
The killer bee barely misses you.
You completely miss the killer bee. Your headbutt misses the killer bee.
The killer bee is moderately wounded.
You miss the killer bee.
You feel very sick.
The killer bee stings you but does no damage. x2
The killer bee barely misses you. You furiously retaliate!
You headbutt the killer bee! The killer bee barely misses you.
You furiously retaliate!
You headbutt the killer bee. The killer bee barely misses you.
The killer bee stings you.
7977 ||| DRINKING potion of heal wounds.
You feel much better.
You feel very sick. The killer bee stings you.
You are more poisoned.
The killer bee poisons you!
The killer bee stings you but does no damage.
The killer bee stings you. The killer bee closely misses you.
You furiously retaliate!
You headbutt the killer bee. The killer bee stings you.
You are more poisoned.
The killer bee poisons you! The killer bee stings you.
You miss the killer bee.
The killer bee is severely wounded.
You hit the killer bee. You freeze the killer bee.
You feel extremely sick. The killer bee closely misses you.
The killer bee stings you.
The killer bee stings you but does no damage.
The killer bee stings you.
You hit the killer bee. You freeze the killer bee.
You kill the killer bee!
Trog accepts your kill.
You hit the killer bee. You freeze the killer bee.
You feel very sick. The killer bee stings you.
You die...

#########
#.)..)@y#
#.#####%Y.....
#<# y###.#.
#....# ..
#.##.# .## #
#.# .# #.. .#
### ..


You could see an ice beast and 2 killer bees.

Vanquished Creatures
  Pikel (D:4)
  Sigmund (D:2)
  A wyvern (D:7)
  Duvessa (D:5)
  A water moccasin (D:6)
  2 black bears
  An orc warrior (D:6)
  2 centaurs
  4 lemures (D:4)
  A phantom (D:5)
  Blork the orc (D:4)
  A gnoll sergeant (D:6)
  8 wights
  Dowan (D:5)
  2 killer bees (D:7)
  A howler monkey (D:6)
  2 hounds (D:6)
  A jelly (D:6)
  6 orc priests
  A gnoll bouda (D:4)
  Terence (D:2)
  10 iguanas
  Ijyb (D:5)
  Natasha (thrice) (D:2)
  3 orc wizards
  8 gnolls
  14 adders
  3 ufetubi
  3 worms
  3 dart slugs
  25 orcs
  11 ball pythons
  5 bats
  3 endoplasms
  2 giant cockroaches
  8 goblins
  5 hobgoblins
  4 jackals (D:5)
  6 kobolds
  4 quokkas
  2 frilled lizards
  8 rats
171 creatures vanquished.

Notes
Turn   | Place    | Note
-------+----------+-------------------------------------------
     0 | D:1      | qw the Minotaur Berserker began the quest for the Orb.
     0 | D:1      | Reached XP level 1. HP: 19/19 MP: 0/0
     0 | D:1      | 0 ||| qw: Version: 0.1-a-119-g272c26d
     0 | D:1      | 0 ||| qw: Game counter: 10781
     0 | D:1      | 0 ||| qw: Always use a shield: true
     0 | D:1      | 0 ||| qw: Do Orc after D:15 true
     0 | D:1      | 0 ||| qw: Do second Lair branch before Depths: true
     0 | D:1      | 0 ||| qw: Lair rune preference: random
     0 | D:1      | 0 ||| qw: Plans: Normal
     0 | D:1      | 0 ||| PLANNING D:1-11
   111 | D:1      | Reached skill level 4 in Axes
   190 | D:1      | Reached XP level 2. HP: 26/26 MP: 1/1
   413 | D:1      | Found a faded altar of an unknown god.
   497 | D:1      | 497 ||| Stepping ~*~*~tactically~*~*~ (stealth).
   499 | D:1      | 499 ||| Stepping ~*~*~tactically~*~*~ (stealth).
   501 | D:1      | 501 ||| Stepping ~*~*~tactically~*~*~ (stealth).
   503 | D:1      | 503 ||| Stepping ~*~*~tactically~*~*~ (stealth).
   557 | D:1      | You fall into a shaft and drop 1 floor!
   559 | D:2      | 559 ||| UPGRADING to +0 chain mail.
   569 | D:2      | 569 ||| DROPPING +0 animal skin.
   570 | D:2      | 570 ||| UPGRADING to ring of positive energy.
   571 | D:2      | 571 ||| READING scroll labelled USUANALURE.
   572 | D:2      | 572 ||| READING scroll labelled UCROAGHEUB.
   573 | D:2      | 573 ||| READING scroll labelled PAKEKK TAHI.
   574 | D:2      | 574 ||| READING 2 scrolls labelled IRAPSU HIAMOF.
   575 | D:2      | 575 ||| DRINKING 2 inky potions.
   581 | D:2      | 581 ||| FLEEEEING.
   583 | D:2      | 583 ||| STAIRDANCE
   585 | D:1      | 585 ||| DROPPING +0 club.
   826 | D:2      | Noticed Natasha
   827 | D:2      | 827 ||| FLEEEEING.
   834 | D:2      | 834 ||| FLEEEEING.
   839 | D:2      | 839 ||| FLEEEEING.
   841 | D:2      | 841 ||| INVOKING Berserk.
   848 | D:2      | Killed Natasha
   849 | D:2      | Reached skill level 5 in Axes
   849 | D:2      | Reached XP level 3. HP: 20/31 MP: 2/2
  1073 | D:2      | 1073 ||| INVOKING Berserk.
  1121 | D:2      | Noticed Natasha
  1126 | D:2      | 1126 ||| INVOKING Berserk.
  1130 | D:2      | Killed Natasha
  1131 | D:2      | Reached skill level 6 in Axes
  1131 | D:2      | Reached XP level 4. HP: 39/39 MP: 3/3
  1259 | D:2      | Identified the +1 war axe "Neyfem" {freeze, Int+2}
  1261 | D:2      | 1261 ||| SWAPPING to +1 war axe "Neyfem" {freeze, Int+2}.
  1262 | D:2      | 1262 ||| DROPPING +1 hand axe.
  1264 | D:2      | Noticed Sigmund
  1265 | D:2      | 1265 ||| Stepping ~*~*~tactically~*~*~ (hiding).
  1270 | D:2      | 1270 ||| INVOKING Berserk.
  1276 | D:2      | Killed Sigmund
  1277 | D:2      | Reached skill level 7 in Axes
  1277 | D:2      | Reached XP level 5. HP: 45/45 MP: 4/4
  1582 | D:2      | 1582 ||| Stepping ~*~*~tactically~*~*~ (stealth).
  1585 | D:2      | Noticed Natasha
  1585 | D:2      | Noticed Terence
  1588 | D:2      | 1588 ||| INVOKING Berserk.
  1591 | D:2      | Killed Terence
  1591 | D:2      | Killed Natasha
  1592 | D:2      | Reached XP level 6. HP: 31/53 MP: 5/5
  1593 | D:2      | Reached ** piety under Trog
  1653 | D:2      | 1653 ||| FLEEEEING.
  1654 | D:2      | 1654 ||| FLEEEEING.
  1655 | D:2      | 1655 ||| FLEEEEING.
  1656 | D:2      | 1656 ||| FLEEEEING.
  1657 | D:2      | 1657 ||| FLEEEEING.
  1661 | D:2      | 1661 ||| FLEEEEING.
  1662 | D:2      | 1662 ||| FLEEEEING.
  1663 | D:2      | 1663 ||| FLEEEEING.
  1664 | D:2      | 1664 ||| FLEEEEING.
  1665 | D:2      | 1665 ||| FLEEEEING.
  1666 | D:2      | 1666 ||| FLEEEEING.
  1667 | D:2      | 1667 ||| FLEEEEING.
  1668 | D:2      | 1668 ||| FLEEEEING.
  1669 | D:2      | 1669 ||| FLEEEEING.
  1670 | D:2      | 1670 ||| FLEEEEING.
  1671 | D:2      | 1671 ||| FLEEEEING.
  1672 | D:2      | 1672 ||| FLEEEEING.
  1673 | D:2      | 1673 ||| FLEEEEING.
  1674 | D:2      | 1674 ||| FLEEEEING.
  1675 | D:2      | 1675 ||| FLEEEEING.
  1676 | D:2      | 1676 ||| FLEEEEING.
  1677 | D:2      | 1677 ||| FLEEEEING.
  1678 | D:2      | 1678 ||| FLEEEEING.
  1679 | D:2      | 1679 ||| FLEEEEING.
  1680 | D:2      | 1680 ||| FLEEEEING.
  1681 | D:2      | 1681 ||| FLEEEEING.
  1682 | D:2      | 1682 ||| FLEEEEING.
  1683 | D:2      | 1683 ||| FLEEEEING.
  1688 | D:2      | 1688 ||| FLEEEEING.
  1689 | D:2      | 1689 ||| FLEEEEING.
  1691 | D:2      | 1691 ||| STAIRDANCE
  1768 | D:1      | 1768 ||| READING scroll labelled FAVEGYRIUT.
  1769 | D:1      | 1769 ||| READING 2 scrolls of identify.
  1769 | D:1      | 1769 ||| IDENTIFYING lumpy purple potion
  1770 | D:1      | 1770 ||| DROPPING potion of attraction.
  2018 | D:2      | 2018 ||| DRINKING 2 metallic sapphire potions.
  2119 | D:2      | 2119 ||| DROPPING potion of ambrosia.
  2275 | D:3      | 2275 ||| Stepping ~*~*~tactically~*~*~ (stealth).
  2276 | D:3      | 2276 ||| Stepping ~*~*~tactically~*~*~ (stealth).
  2278 | D:3      | 2278 ||| Stepping ~*~*~tactically~*~*~ (hiding).
  2289 | D:3      | 2289 ||| FLEEEEING.
  2290 | D:3      | 2290 ||| FLEEEEING.
  2291 | D:3      | 2291 ||| FLEEEEING.
  2292 | D:3      | 2292 ||| FLEEEEING.
  2293 | D:3      | 2293 ||| FLEEEEING.
  2295 | D:3      | 2295 ||| FLEEEEING.
  2296 | D:3      | 2296 ||| FLEEEEING.
  2297 | D:3      | 2297 ||| FLEEEEING.
  2300 | D:3      | 2300 ||| FLEEEEING.
  2306 | D:3      | Reached skill level 8 in Axes
  2466 | D:3      | Found a shadowy altar of Dithmenos.
  2521 | D:3      | 2521 ||| Stepping ~*~*~tactically~*~*~ (stealth).
  2535 | D:3      | 2535 ||| Stepping ~*~*~tactically~*~*~ (stealth).
  2664 | D:3      | Found a shimmering altar of Xom.
  2855 | D:3      | 2855 ||| UPGRADING to ring of protection from cold.
  2856 | D:3      | 2856 ||| READING 2 scrolls labelled IKAUDADOGEPSO.
  2857 | D:3      | 2857 ||| READING scroll labelled HYWOMO XERE.
  2958 | D:3      | 2958 ||| READING 3 scrolls of identify.
  2958 | D:3      | 2958 ||| IDENTIFYING fizzy yellow potion
  2959 | D:3      | 2959 ||| READING 2 scrolls of identify.
  2959 | D:3      | 2959 ||| IDENTIFYING orange potion
  3015 | D:4      | 3015 ||| INVOKING Berserk.
  3078 | D:4      | 3078 ||| FLEEEEING.
  3079 | D:4      | 3079 ||| STAIRDANCE
  3258 | D:4      | Reached skill level 9 in Axes
  3336 | D:4      | Reached XP level 7. HP: 33/60 MP: 6/6
  3338 | D:4      | 3338 ||| INVOKING Berserk.
  3340 | D:4      | Reached skill level 3 in Armour
  3349 | D:4      | Found a staircase to the Ecumenical Temple.
  3350 | D:4      | Noticed Pikel
  3352 | D:4      | 3352 ||| FLEEEEING.
  3353 | D:4      | 3353 ||| FLEEEEING.
  3354 | D:4      | 3354 ||| FLEEEEING.
  3355 | D:4      | 3355 ||| FLEEEEING.
  3356 | D:4      | 3356 ||| FLEEEEING.
  3357 | D:4      | 3357 ||| STAIRDANCE
  3548 | D:4      | 3548 ||| INVOKING Berserk.
  3551 | D:4      | Killed Pikel
  3552 | D:4      | Reached skill level 10 in Axes
  3552 | D:4      | Reached XP level 8. HP: 68/68 MP: 7/7
  3561 | D:4      | 3561 ||| STAIRDANCE
  3715 | D:4      | 3715 ||| INVOKING Berserk.
  3718 | D:4      | Reached skill level 1 in Throwing
  4009 | D:4      | Reached *** piety under Trog
  4105 | D:4      | 4105 ||| Stepping ~*~*~tactically~*~*~ (stealth).
  4173 | D:4      | Found a radiant altar of Vehumet.
  4260 | D:4      | 4260 ||| INVOKING Berserk.
  4264 | D:4      | Reached skill level 6 in Fighting
  4473 | D:4      | Noticed Blork the orc
  4477 | D:4      | 4477 ||| INVOKING Berserk.
  4479 | D:4      | Killed Blork the orc
  4480 | D:4      | Reached skill level 11 in Axes
  4596 | D:4      | 4596 ||| DROPPING +0 flail.
  4665 | D:4      | 4665 ||| Stepping ~*~*~tactically~*~*~ (hiding).
  4666 | D:4      | 4666 ||| Stepping ~*~*~tactically~*~*~ (hiding).
  4849 | D:4      | 4849 ||| READING scroll labelled LIT SOCEODO.
  4850 | D:4      | 4850 ||| READING scroll labelled RYFFEN LEBAEPT.
  4851 | D:4      | 4851 ||| READING scroll labelled TAOJEO IWNIUMU.
  4867 | D:5      | Entered Level 5 of the Dungeon
  4872 | D:5      | 4872 ||| Stepping ~*~*~tactically~*~*~ (hiding).
  4873 | D:5      | 4873 ||| Stepping ~*~*~tactically~*~*~ (hiding).
  4875 | D:5      | 4875 ||| Stepping ~*~*~tactically~*~*~ (hiding).
  4876 | D:5      | 4876 ||| Stepping ~*~*~tactically~*~*~ (hiding).
  4883 | D:5      | 4883 ||| Stepping ~*~*~tactically~*~*~ (hiding).
  4887 | D:5      | 4887 ||| INVOKING Berserk.
  4894 | D:5      | Noticed Ijyb
  4914 | D:5      | Killed Ijyb
  5203 | D:5      | 5203 ||| Stepping ~*~*~tactically~*~*~ (hiding).
  5208 | D:5      | 5208 ||| INVOKING Berserk.
  5377 | D:5      | Reached skill level 12 in Axes
  5457 | D:5      | 5457 ||| DRINKING potion of curing.
  5457 | D:5      | 5457 ||| (to cure confusion)
  5460 | D:5      | 5460 ||| INVOKING Berserk.
  5830 | D:5      | Noticed Duvessa
  5830 | D:5      | Noticed Dowan
  5831 | D:5      | 5831 ||| Stepping ~*~*~tactically~*~*~ (hiding).
  5832 | D:5      | 5832 ||| INVOKING Berserk.
  5833 | D:5      | Killed Dowan
  5841 | D:5      | Killed Duvessa
  6100 | D:5      | Found a runed translucent gate.
  6100 | D:5      | Found a runed translucent gate.
  6100 | D:5      | Found a runed translucent gate.
  6105 | D:5      | Noticed qw's ghost (weakling GrDe)
  6105 | D:5      | Noticed qw's ghost (weakling GrDe)
  6105 | D:5      | Noticed qw's ghost (weakling GrDe)
  6220 | D:5      | 6220 ||| READING scroll labelled GYHOQ BORE.
  6274 | D:5      | 6274 ||| DRINKING 2 fuming inky potions.
  6275 | D:5      | 6275 ||| DRINKING 2 viscous amethyst potions.
  6276 | D:5      | 6276 ||| READING 2 scrolls of identify.
  6276 | D:5      | 6276 ||| IDENTIFYING bubbling pink potion
  6277 | D:5      | 6277 ||| DROPPING potion of magic.
  6278 | D:5      | 6278 ||| DROPPING potion of flight.
  6312 | D:6      | Reached XP level 9. HP: 50/79 MP: 8/8
  6316 | D:6      | 6316 ||| INVOKING Berserk.
  6439 | D:6      | 6439 ||| FLEEEEING.
  6441 | D:6      | 6441 ||| STAIRDANCE
  6636 | D:6      | 6636 ||| Stepping ~*~*~tactically~*~*~ (stealth).
  6644 | D:6      | 6644 ||| INVOKING Berserk.
  6818 | D:6      | 6818 ||| FLEEEEING.
  6819 | D:6      | 6819 ||| FLEEEEING.
  6820 | D:6      | 6820 ||| FLEEEEING.
  6821 | D:6      | 6821 ||| FLEEEEING.
  6823 | D:6      | 6823 ||| FLEEEEING.
  6824 | D:6      | 6824 ||| FLEEEEING.
  6825 | D:6      | 6825 ||| FLEEEEING.
  6826 | D:6      | 6826 ||| FLEEEEING.
  6827 | D:6      | 6827 ||| FLEEEEING.
  6828 | D:6      | 6828 ||| FLEEEEING.
  6830 | D:6      | 6830 ||| FLEEEEING.
  6832 | D:6      | 6832 ||| FLEEEEING.
  6833 | D:6      | 6833 ||| FLEEEEING.
  6834 | D:6      | 6834 ||| FLEEEEING.
  6835 | D:6      | 6835 ||| FLEEEEING.
  6837 | D:6      | 6837 ||| FLEEEEING.
  6838 | D:6      | 6838 ||| FLEEEEING.
  6839 | D:6      | 6839 ||| FLEEEEING.
  6840 | D:6      | 6840 ||| FLEEEEING.
  6841 | D:6      | 6841 ||| FLEEEEING.
  6842 | D:6      | 6842 ||| FLEEEEING.
  6846 | D:6      | 6846 ||| FLEEEEING.
  6847 | D:6      | 6847 ||| FLEEEEING.
  6848 | D:6      | 6848 ||| FLEEEEING.
  6855 | D:6      | 6855 ||| FLEEEEING.
  6856 | D:6      | 6856 ||| FLEEEEING.
  6857 | D:6      | 6857 ||| FLEEEEING.
  6858 | D:6      | 6858 ||| FLEEEEING.
  6859 | D:6      | 6859 ||| STAIRDANCE
  7048 | D:6      | 7048 ||| INVOKING Berserk.
  7281 | D:6      | 7281 ||| Stepping ~*~*~tactically~*~*~ (hiding).
  7395 | D:6      | Reached skill level 13 in Axes
  7402 | D:6      | 7402 ||| Stepping ~*~*~tactically~*~*~ (hiding).
  7406 | D:6      | 7406 ||| INVOKING Berserk.
  7415 | D:6      | 7415 ||| Stepping ~*~*~tactically~*~*~ (stealth).
  7419 | D:6      | 7419 ||| Stepping ~*~*~tactically~*~*~ (stealth).
  7420 | D:6      | 7420 ||| Stepping ~*~*~tactically~*~*~ (stealth).
  7452 | D:6      | 7452 ||| INVOKING Berserk.
  7501 | D:6      | 7501 ||| INVOKING Berserk.
  7905 | D:6      | 7905 ||| READING scroll labelled XUCHECEIHO.
  7941 | D:6      | 7941 ||| Stepping ~*~*~tactically~*~*~ (stealth).
  7951 | D:6      | 7951 ||| READING 2 scrolls of identify.
  7951 | D:6      | 7951 ||| IDENTIFYING glowing dark potion
  7952 | D:6      | 7952 ||| DROPPING potion of lignification.
  7956 | D:7      | 7956 ||| INVOKING Berserk.
  7974 | D:7      | Reached skill level 14 in Axes
  7974 | D:7      | HP: 18/81 [killer bee (6)]
  7975 | D:7      | 7975 ||| DRINKING 2 potions of heal wounds.
  7977 | D:7      | 7977 ||| DRINKING potion of heal wounds.
  7979 | D:7      | HP: 5/81 [poisoned by a killer bee]
  7979 | D:7      | Slain by a killer bee

Levels and vault maps discovered:
D:1:      scummos_arrival_star, layout_loops_cross,
          dreamdust_ecumenical_altar_angels_and_demons
D:2:      layout_basic, uniq_sigmund, uniq_natasha, uniq_terence
D:3:      layout_rooms, marbit_many_paths, mainiacjoe_overflow_alcove_1,
          hangedman_feature_mirror, guppyfry_early_orc_mine
D:4:      black_bear_nest_1, layout_cave_pools, nicolae_overflow_crystal_walls,
          minmay_temple_entry_statues_fountains, minmay_snake_closets,
          uniq_blork_the_orc, uniq_pikel
D:5:      layout_loops_ring, gammafunk_ghost_cemetery, kennysheep_small_square,
          uniq_ijyb, uniq_duvessa
D:6:      minmay_angry_zag, layout_loops_cross
D:7:      layout_loops_ring, makhleb_blood_cavern_becter, gammafunk_ghost_icy

Skill      XL: |  1  2  3  4  5  6  7  8  9 |
---------------+----------------------------+-----
Axes           | 4 5 6 7 9 10 12 14 | 14.1
Fighting       | 4 5 7 8 |  8.1
Armour         | 3 4 |  4.0
Throwing       | 2 |  2.0
Dodging        | |  2.1

Action                   |  1- 3 |  4- 6 |  7- 9 || total
-------------------------+-------+-------+-------++-------
Melee: Hand axe          |    37 |       |       ||    37
       Headbutt          |     4 |     8 |    33 ||    45
       War axe           |       |    83 |   210 ||   293
       Unarmed           |       |       |    16 ||    16
Throw: Javelin           |       |       |    26 ||    26
       Boomerang         |       |       |    30 ||    30
Invok: Berserk           |     3 |     3 |    16 ||    22
  Use: Scroll            |     4 |     6 |     7 ||    17
       Potion            |     1 |     1 |     5 ||     7
Armor: Animal skin       |     2 |       |       ||     2
       Chain mail        |     4 |    34 |    89 ||   127
Dodge: Dodged            |    10 |    31 |   101 ||   142

Table legend:
 A = Non-vault XP
 B = Vault XP
 C = Vault XP percentage of total XP
 D = Non-vault monster count
 E = Vault monster count
 F = Vault count percentage of total count
                 A         B        C        D         E       F
            +---------+---------+-------+---------+---------+-------
      Total |    2706 |    1887 |  41.1 |     125 |      42 |  25.1
            +---------+---------+-------+---------+---------+-------
        D:1 |      23 |       0 |   0.0 |      13 |       0 |   0.0
        D:2 |     106 |     297 |  73.7 |      19 |       3 |  13.6
        D:3 |      17 |      31 |  64.6 |       9 |      14 |  60.9
        D:4 |     654 |     873 |  57.2 |      31 |      15 |  32.6
        D:5 |     449 |     250 |  35.8 |      23 |       3 |  11.5
        D:6 |     676 |     436 |  39.2 |      22 |       7 |  24.1
        D:7 |     781 |       0 |   0.0 |       8 |       0 |   0.0
            +---------+---------+-------+---------+---------+-------
